[Event "Late-Titled-Tuesday-Blitz-September-05-2023"]
[Site "Chess.com"]
[Date "2023.09.05"]
[Round "6"]
[White "nevermind242"]
[Black "GarayevKanan"]
[Result "0-1"]
[WhiteElo "2376"]
[BlackElo "2712"]
[TimeControl "180+1"]
[EndTime "15:06:53 PDT"]
[Termination "GarayevKanan won by checkmate"]

1. Nf3 g5 2. Nxg5 e5 3. d4 h6 4. Ne4 d5 5. Ng3 e4 6. c4 c6 7. Nc3 h5 8. e3 h4 9. Nh5 h3 10. cxd5 cxd5 11. gxh3 Nc6 12. Rg1 Be6 13. Nf4 Nf6 14. Bd2 Bd6 15. Nxe6 fxe6 16. Qb3 Qe7 17. Na4 Kf7 18. Rc1 Rac8 19. Nc5 b6 20. Na6 Na5 21. Rxc8 Rxc8 22. Qd1 e5 23. dxe5 Bxe5 24. Bb4 Qe6 25. Bxa5 bxa5 26. Qa4 Rc1+ 27. Kd2 Rc6 28. Qxa5 Bxb2 29.
Qb5 Bc3+ 30. Kd1 Rb6 31. Qa4 Rb1+ 32. Kc2 Qb6 33. Kxc3 Rc1+ 34. Kd2 Qb2+ 35. Qc2 Qxc2# 0-1

[Event "Late-Titled-Tuesday-Blitz-September-05-2023"]
[Site "Chess.com"]
[Date "2023.09.05"]
[Round "6"]
[White "miraitrunks"]
[Black "whiteglovethief"]
[Result "0-1"]
[WhiteElo "2097"]
[BlackElo "2496"]
[TimeControl "180+1"]
[EndTime "15:06:53 PDT"]
[Termination "whiteglovethief won on time"]

1. e4 e6 2. Nc3 d5 3. Nf3 d4 4.
Ne2 c5 5. Ng3 Nc6 6. Bc4 e5 7. O-O Be7 8. d3 a6 9. a4 Nf6 10. Ng5 O-O 11. f4 h6 12. Nf3 exf4 13. Bxf4 Ng4 14. Qe2 Bd6 15. Bxd6 Qxd6 16. Nh4 Ne3 17.
Ngf5 Qf6 18. Nxe3 Qxh4 19. Nd5 Be6 20. Rf4 Qg5 21. h4 Qd8 22. Raf1 Ne5 23. Ba2 b5 24. Qf2 Ng6 25. Rf3 Qxh4 26. Nc7 Bxa2 27. Nxa8 Qxf2+ 28. R1xf2 Rxa8 29. axb5 axb5 30. Rf5 Rc8 31.
b3 c4 32. bxc4 bxc4 33. Ra5 Bb1 34. dxc4 Rxc4 35. Ra8+ Nf8 36. Rd8 Bxc2 37. e5 Bb3 38. e6 Rc1+ 39. Kh2 Bxe6 40. Rxd4 Ng6 41. Rd6 Kh7 42. Kg3 Ne7 43. Ra6 Nf5+ 44. Kh2 Ne3 0-1

[Event "Late-Titled-Tuesday-Blitz-September-05-2023"]
[Site "Chess.com"]
[Date "2023.09.05"]
[Round "6"]
[White "HeinichessPY"]
[Black "gunslinger222"]
[Result "1-0"]
[WhiteElo "2251"]
[BlackElo "2436"]
[TimeControl "180+1"]
[EndTime "15:06:56 PDT"]
[Termination "HeinichessPY won by resignation"]

1. e4 e6 2. d3 d5 3. Nd2 c5 4. Ngf3 Nc6 5. g3 Bd6 6. Bg2 Nge7 7. O-O O-O 8. Re1 f6 9. c3 Qc7 10. Qe2 Bd7 11. Nf1 Rae8 12. h4 d4 13. c4 a6 14. N1h2 e5 15. h5 b5 16. b3 bxc4 17.
bxc4 Nb4 18. a3 Nbc6 19. Nh4 Na5 20. Rb1 Rb8 21. Rxb8 Qxb8 22. Bd2 Bc7 23. h6 g6 24. Bf3 Nb3 25. Rb1 Nxd2 26. Rxb8 Nxf3+ 27. Qxf3 Bxb8 28. Ng4 Bxg4 29. Qxg4 Kf7 30. Qd7 Rc8 31. Nf3 Rc6 32. Qd8 Rc8 33. Qd7 Rc7 34. Qd8 Rc8 35. Qb6 g5 36. Qxa6 Rc6 37. Qb7 Bc7 38. Nd2 Kg6 39. Nb3 Kxh6 40. Kg2 Kg6 41. a4 Kf7 42. a5 Bxa5 43.
Nxa5 h5 44. Nxc6 1-0

[Event "Late-Titled-Tuesday-Blitz-September-05-2023"]
[Site "Chess.com"]
[Date "2023.09.05"]
[Round "6"]
[White "PNEPaul"]
[Black "AlexNovitz"]
[Result "1-0"]
[WhiteElo "1894"]
[BlackElo "2213"]
[TimeControl "180+1"]
[EndTime "15:06:56 PDT"]
[Termination "PNEPaul won by checkmate"]

1. e4 e6 2. d4 d5 3. e5 c5 4. Qg4 Qc7 5. Nf3 f5 6. Qg3 Nc6 7. Bd3 cxd4 8. O-O Nge7 9. h4 Ng6 10. Re1 Bd7 11. a3 O-O-O 12. c3 Bc5 13. b4 Bb6 14. b5 Na5 15. cxd4 Kb8 16. Bg5 Nb3 17. Bxd8 Rxd8 18. h5 Ne7 19. Qxg7 Nxa1 20. Qxe7 h6 21.
Nbd2 Qc3 22. Bf1 Nb3 23. Nxb3 Qxb3 24. Rc1 Rc8 25. Qd6+ Ka8 26. Qxd7 Rb8 27. Rc8 a6 28. Rxb8+ Kxb8 29. Qd6+ Ka7 30. Qxe6 Qxa3 31. Qxf5 a5 32. e6 Bd8 33. Qxd5 Be7 34. Ne5 a4 35. Qd7 Kb6 36. Ng6 Bb4 37. Qd8+ Ka7 38. b6# 1-0

[Event "Late-Titled-Tuesday-Blitz-September-05-2023"]
[Site "Chess.com"]
[Date "2023.09.05"]
[Round "6"]
[White "ridnani2021"]
[Black "Sanan_Sjugirov"]
[Result "1-0"]
[WhiteElo "2589"]
[BlackElo "2889"]
[TimeControl "180+1"]
[EndTime "15:06:57 PDT"]
[Termination "ridnani2021 won on time"]

1. e4 c5 2. Nf3 d6 3. d4 cxd4 4. Qxd4 Nc6 5. Bb5 a6 6. Bxc6+ bxc6 7. c4 e5 8. Qd3 c5 9. O-O Ne7 10. Nc3 Nc6 11. Be3 Be7 12. Rad1 O-O 13. b3 Bg4 14. h3 Bxf3 15. gxf3 Qd7 16. Kg2 Nd4 17. Bxd4 cxd4 18. Nd5 Rab8 19. f4 f5 20. exf5 Rbe8 21. b4 Rxf5 22.
b5 axb5 23. cxb5 exf4 24. Qxd4 f3+ 25. Kh2 Rh5 26. Nf4 Rxb5 27. Nd5 Bf8 28. Rg1 Kh8 29. Rg3 Qf7 30. Rd3 Re2 31. Rgxf3 Qg8 32. Nc3 Ree5 33. Nxb5 Rxb5 34. Qf4 Be7 35. Qf7 Qd8 36. Rde3 Rb7 37.
Rxe7 1-0

[Event "Late-Titled-Tuesday-Blitz-September-05-2023"]
[Site "Chess.com"]
[Date "2023.09.05"]
[Round "6"]
[White "TanitoluwaAps116"]
[Black "2k28Lakers"]
[Result "0-1"]
[WhiteElo "2685"]
[BlackElo "2538"]
[TimeControl "180+1"]
[EndTime "15:06:59 PDT"]
[Termination "2k28Lakers won by checkmate"]

1. e4 e5 2. Nf3 Nc6 3. Bc4 Nf6 4. d3 Bc5 5. O-O d6 6. c3 a6 7.
a4 Ba7 8. Re1 O-O 9. h3 h6 10.
Nbd2 Be6 11. b4 d5 12. exd5 Nxd5 13. Qc2 Nf4 14. Bxe6 fxe6 15. Nc4 Qxd3 16. Qa2 Nxh3+ 17. Kh2 Nxf2 18. Ncxe5 Qf5 19. Be3 Nxe5 20. Bxa7 Neg4+ 21. Kg1 Rxa7 22. Rxe6 Kh8 23. Nh4 Qf7 24. Ng6+ Kg8 25.
Nxf8 Kxf8 26. Rae1 Ra8 27. Qe2 Kg8 28. Re7 Qf4 29.
Re8+ Rxe8 30. Qxe8+ Kh7 31. Qe6 Nh3+ 32. Kh1 Qh2# 0-1

[Event "Late-Titled-Tuesday-Blitz-September-05-2023"]
[Site "Chess.com"]
[Date "2023.09.05"]
[Round "6"]
[White "Hamisandwich"]
[Black "alexrustemov"]
[Result "0-1"]
[WhiteElo "2659"]
[BlackElo "2878"]
[TimeControl "180+1"]
[EndTime "15:07:00 PDT"]
[Termination "alexrustemov won by resignation"]

1. e3 d5 2. Nf3 Nf6 3. d4 c5 4. Be2 Nc6 5. O-O Bg4 6. h3 Bh5 7. dxc5 e6 8. a3 a5 9. b3 Bxc5 10. Bb2 O-O 11. Nbd2 Qe7 12. Nd4 Bg6 13. Nxc6 bxc6 14.
Bd3 Rfd8 15. Qe2 e5 16. Bxg6 hxg6 17. e4 dxe4 18. Nxe4 Bd4 19. Nxf6+ Qxf6 20. c3 Bb6 21.
b4 Qf4 22. Rad1 axb4 23. cxb4 f6 24. Qc2 Kh7 25. Bc1 Qf5 26. Qxf5 gxf5 27. g3 g5 28. Kg2 Bd4 29. Kf3 Kg6 30. Ke2 f4 31. gxf4 gxf4 32. Rg1+ Kf5 33. Rg7 c5 34. bxc5 Bxc5 35. Rxd8 Rxd8 36. Rc7 Bd4 37. a4 Ra8 38. Rc4 Ke6 39. Rc6+ Kd5 40. Rxf6 Rxa4 41. h4 Ra2+ 42. Bd2 Bc3 0-1

[Event "Late-Titled-Tuesday-Blitz-September-05-2023"]
[Site "Chess.com"]
[Date "2023.09.05"]
[Round "6"]
[White "Qvalda"]
[Black "Rinqed222"]
[Result "0-1"]
[WhiteElo "2354"]
[BlackElo "2237"]
[TimeControl "180+1"]
[EndTime "15:07:00 PDT"]
[Termination "Rinqed222 won on time"]

1. d4 Nf6 2. Nf3 g6 3. g3 Bg7 4. Bg2 O-O 5. O-O d6 6. b3 c5 7. Bb2 Nc6 8. c4 Bf5 9. dxc5 dxc5 10. Nc3 Qc8 11. Nd5 Nxd5 12. Bxg7 Ne3 13. Qc1 Nxf1 14. Bxf8 Qxf8 15. Kxf1 Rd8 16. Qe3 Nd4 17. Rd1 Nxf3 18. Rxd8 Nxh2+ 19. Kg1 Qxd8 20. Kxh2 b6 21. Qe5 Qd6 22.
Qb2 Qd4 23. Qxd4 cxd4 24. g4 Bxg4 25. Kg3 Bxe2 26. Kf4 f6 27. Ke4 e5 28. f4 d3 29.
Ke3 exf4+ 30. Kd2 Kf7 31. b4 Ke7 32. c5 bxc5 33. bxc5 g5 34. Be4 h5 35. a4 h4 36. a5 g4 37. a6 f3 38. Ke3 f2 39.
Kxf2 g3+ 0-1

[Event "Late-Titled-Tuesday-Blitz-September-05-2023"]
[Site "Chess.com"]
[Date "2023.09.05"]
[Round "6"]
[White "SCIM"]
[Black "drinbet"]
[Result "1-0"]
[WhiteElo "2585"]
[BlackElo "2276"]
[TimeControl "180+1"]
[EndTime "15:07:02 PDT"]
[Termination "SCIM won by resignation"]

1. Nf3 c5 2. b3 Nc6 3. Bb2 d5 4.
e3 a6 5. d4 Nf6 6. Bd3 Bg4 7.
h3 Bxf3 8. Qxf3 e6 9. O-O Be7 10. Nd2 O-O 11. Rad1 cxd4 12. exd4 Qb6 13. c3 Rac8 14.
Rfe1 Rfe8 15. Qg3 Qc7 16. Nf3 Qxg3 17. fxg3 Bd6 18. g4 Nd7 19. Kf2 b5 20. g5 Rb8 21.
h4 Rec8 22. h5 Nf8 23. g3 Rc7 24. g6 hxg6 25. hxg6 fxg6 26. Kg2 Rf7 27. Ng5 Rf6 28. Re2 e5 29. dxe5 Nxe5 30. Bc2 Rb7 31. Rxd5 Nf7 32. Bc1 Bb8 33. Rd8 Nxd8 34. b4 Nf7 35. Bb3 Rd7 36.
Re8 Be5 37. Be3 Bxc3 38. Bc5 Rfd6 39. Bxd6 Rxd6 40. Bxf7+ 1-0

[Event "Late-Titled-Tuesday-Blitz-September-05-2023"]
[Site "Chess.com"]
[Date "2023.09.05"]
[Round "6"]
[White "Ali_rastbod"]
[Black "DeArron_Fox"]
[Result "1-0"]
[WhiteElo "2713"]
[BlackElo "2469"]
[TimeControl "180+1"]
[EndTime "15:07:02 PDT"]
[Termination "Ali_rastbod won on time"]

1. e4 c5 2. Nc3 e6 3. Nge2 a6 4. g3 b5 5. Bg2 Bb7 6. O-O Nf6 7. d4 cxd4 8. Nxd4 b4 9. Nd5 exd5 10. exd5 Bc5 11.
Re1+ Kf8 12. Nf5 d6 13. Qe2 Nbd7 14. g4 Bxd5 15. Bxd5 Nxd5 16. Qf3 N5b6 17. Bf4 Qc7 18. Re7 Re8 19. Rae1 Rxe7 20. Rxe7 Qd8 21. g5 Qxe7 22. Nxe7 Kxe7 23. Qe4+ Kd8 24. Qf5 f6 25. g6 hxg6 26. Qxg6 Re8 27. Qxg7 Re1+ 28. Kg2 Re2 29. Bg3 Rxc2 30.
h4 Nd5 31. Qg8+ Kc7 32. Qxd5 Rxb2 33. h5 Ne5 34. h6 Ng4 35. h7 Nxf2 36. Qxc5+ 1-0

[Event "Late-Titled-Tuesday-Blitz-September-05-2023"]
[Site "Chess.com"]
[Date "2023.09.05"]
[Round "6"]
[White "szachuspl"]
[Black "mbojan"]
[Result "0-1"]
[WhiteElo "2543"]
[BlackElo "2815"]
[TimeControl "180+1"]
[EndTime "15:07:04 PDT"]
[Termination "mbojan won by resignation"]

1. d4 g6 2. c4 Bg7 3. Nc3 d6 4. e4 e5 5. d5 Nd7 6. Nf3 h5 7. Be3 Bh6 8. Qd2 Bxe3 9. Qxe3 h4 10. Bd3 Kf8 11. O-O-O Kg7 12. g3 h3 13. Be2 a5 14. Nd2 Nc5 15. f4 Qe7 16. Rdf1 Bd7 17. Rf2 f6 18. Rhf1 Nh6 19. Nb3 Nxb3+ 20. axb3 b6 21.
Nb5 Bxb5 22. cxb5 exf4 23. gxf4 Rae8 24. Bf3 f5 25. Qc3+ Qf6 26. Re2 fxe4 27. Bxe4 Qxc3+ 28. bxc3 Ng4 29. Rg1 Nf6 30. Rge1 Rh4 31. Bd3 Rxe2 32.
Rxe2 Rxf4 33. Re3 Nxd5 34. Rxh3 Nxc3 35. Kd2 Nd5 36. Rg3 Rf2+ 37. Ke1 Rf6 38. Kd2 Nf4 39.
Be4 Kh6 40. Ke3 g5 41. Bf3 Ng6 42. Kd4 Ne7 43. Rh3+ Kg7 44. Be4 Rh6 45. Rg3 Kf6 46. Rf3+ Ke6 47. Rf2 Rh4 48. Kd3 d5 49. Bg2 Ng6 50.
Bf1 Ne5+ 51. Kc3 d4+ 52. Kd2 Kd5 53. Be2 Rf4 54. Rg2 g4 55. Rg1 Rf2 56. Rg3 d3 0-1

[Event "Late-Titled-Tuesday-Blitz-September-05-2023"]
[Site "Chess.com"]
[Date "2023.09.05"]
[Round "6"]
[White "antispeciesism"]
[Black "Grossboss19"]
[Result "0-1"]
[WhiteElo "2072"]
[BlackElo "2493"]
[TimeControl "180+1"]
[EndTime "15:07:04 PDT"]
[Termination "Grossboss19 won by resignation"]

1. d4 f5 2. Nf3 Nf6 3. g3 g6 4. Bg2 Bg7 5. O-O O-O 6. c4 d6 7. Nc3 c6 8. d5 c5 9. Re1 Na6 10. e4 fxe4 11. Nxe4 h6 12. a3 Nc7 13. a4 Bf5 14. Nh4 Bxe4 15. Bxe4 Nxe4 16. Rxe4 g5 17. Ng6 Rf7 18. Qe2 Bf6 19. h4 Rg7 20. h5 Qd7 21. g4 Re8 22. Ra3 Bd4 23. Rf3 Rf7 24. Rxf7 Kxf7 25. Kg2 e5 26. dxe6+ Nxe6 27. f4 Qc6 28.
Qf3 gxf4 29. Bxf4 Bf6 30. Kg3 Nd4 31. Re7+ Rxe7 0-1

[Event "Late-Titled-Tuesday-Blitz-September-05-2023"]
[Site "Chess.com"]
[Date "2023.09.05"]
[Round "6"]
[White "schack_vit"]
[Black "Orest_Vovk"]
[Result "1-0"]
[WhiteElo "2426"]
[BlackElo "2576"]
[TimeControl "180+1"]
[EndTime "15:07:04 PDT"]
[Termination "schack_vit won on time"]

1. c4 g5 2. g3 g4 3. Nc3 Bg7 4. d4 c5 5. Be3 Nc6 6. dxc5 Bxc3+ 7. bxc3 Qa5 8. Qd2 Nf6 9. Bg2 h5 10. h3 Qa4 11. hxg4 Nxg4 12. Bf3 Nxe3 13. Qxe3 Qxc4 14. Bxh5 Kd8 15. Rh4 Qb5 16. Bxf7 Rxh4 17. gxh4 b6 18. h5 Ba6 19. Nf3 bxc5 20. c4 Qb2 21. Rd1 Qf6 22. Bd5 Rc8 23. Qxc5 Qc3+ 24. Kf1 Qf6 25. Qe3 Kc7 26.
Bxc6 Qxc6 27. Qxa7+ Bb7 28. Rb1 Ra8 29. Qe3 Rxa2 30.
Qxe7 Qh6 31. Rd1 Bc6 32. Qe5+ Kc8 33. Qg5 Qh8 34. Ne5 Ra5 35. f4 Rc5 36. h6 1-0

[Event "Late-Titled-Tuesday-Blitz-September-05-2023"]
[Site "Chess.com"]
[Date "2023.09.05"]
[Round "6"]
[White "DenizSeyhanoglu1"]
[Black "Ducke13"]
[Result "1-0"]
[WhiteElo "2332"]
[BlackElo "2457"]
[TimeControl "180+1"]
[EndTime "15:07:06 PDT"]
[Termination "DenizSeyhanoglu1 won by checkmate"]

1. e4 c5 2. Nf3 d6 3. d4 cxd4 4.
Nxd4 Nf6 5. Nc3 a6 6. h3 e5 7. Nde2 h5 8. g3 Be7 9. Bg2 Be6 10. O-O Nbd7 11. a4 Rc8 12. Nd5 Nxd5 13. exd5 Bf5 14. c3 Nc5 15. Be3 Nd3 16. Qd2 O-O 17. a5 Bh7 18. f4 exf4 19. Nxf4 Nxf4 20. Bxf4 h4 21. g4 Bf6 22. g5 Be5 23. Bxe5 dxe5 24. d6 Qd7 25.
Rad1 Bf5 26. Qd5 Bxh3 27. Qxe5 Rc4 28. Rd4 Re8 29. Bxh3 Rxe5 30. Bxd7 Rxg5+ 31. Kh2 Rxd4 32. cxd4 Rd5 33. Bc8 Rxd6 34. Rf4 g5 35. Rg4 f6 36. Bxb7 Kg7 37. d5 Kg6 38. Rb4 Rd7 39. Bc6 Rd8 40.
Rb6 g4 41. Rxa6 Kg5 42. Ra7 f5 43. a6 Kf4 44. Re7 Rb8 45. Re2 g3+ 46. Kh3 Kf3 47. Rc2 Rb6 48. a7 Ra6 49. a8=Q Rxa8 50. Bxa8 f4 51. d6+ Ke3 52. d7 f3 53. d8=Q f2 54.
Qe7+ Kd3 55. Qe2+ Kd4 56. Rc4# 1-0

[Event "Late-Titled-Tuesday-Blitz-September-05-2023"]
[Site "Chess.com"]
[Date "2023.09.05"]
[Round "6"]
[White "maurovargas01"]
[Black "MariaFominykh"]
[Result "0-1"]
[WhiteElo "1862"]
[BlackElo "2278"]
[TimeControl "180+1"]
[EndTime "15:07:07 PDT"]
[Termination "MariaFominykh won on time"]

1. e4 g6 2. Nc3 Bg7 3. f4 c6 4. Nf3 d5 5. e5 Nh6 6. d3 O-O 7. g3 f6 8. Bg2 d4 9. Ne4 Nf7 10. exf6 exf6 11. O-O Na6 12. Bd2 Be6 13. a3 c5 14. h3 Qd7 15. g4 Nd6 16. Qe1 Rae8 17. b4 Bd5 18. bxc5 Nxe4 19. dxe4 Bxe4 20. Qh4 Nxc5 21.
Bb4 b6 22. Rad1 a5 23. Rxd4 Qc7 24. Be1 Qxf4 25. Bg3 Qe3+ 26. Bf2 Qxa3 27. Rd6 Bxf3 28. Rxb6 Bxg2 29. Kxg2 Ne4 30. Bd4 Qa2 0-1

[Event "Late-Titled-Tuesday-Blitz-September-05-2023"]
[Site "Chess.com"]
[Date "2023.09.05"]
[Round "6"]
[White "colegiodemadrid"]
[Black "Zhigalko_Sergei"]
[Result "0-1"]
[WhiteElo "2507"]
[BlackElo "2895"]
[TimeControl "180+1"]
[EndTime "15:07:08 PDT"]
[Termination "Zhigalko_Sergei won on time"]

1. e4 c5 2. Nf3 Nc6 3. d4 cxd4 4. Nxd4 Nf6 5. Nc3 e5 6. Ndb5 d6 7. Bg5 a6 8. Na3 b5 9. Nd5 Be7 10. Bxf6 Bxf6 11. c3 Bg5 12. Nc2 Ne7 13. a4 bxa4 14. Ncb4 O-O 15. Rxa4 a5 16. Nxe7+ Qxe7 17. Nd5 Qb7 18. b3 Bd7 19. Ra2 Rfc8 20. Bc4 a4 21. O-O Rab8 22. Ra3 Qa7 23. Qa1 Qb7 24. Rxa4 Bxa4 25.
Qxa4 Ra8 26. Qb5 Qa7 27. g3 g6 28. h4 Bd8 29. h5 Kg7 30. Kg2 Rc5 31. Qe8 Bg5 32.
h6+ Kxh6 33. Rh1+ Kg7 0-1

[Event "Late-Titled-Tuesday-Blitz-September-05-2023"]
[Site "Chess.com"]
[Date "2023.09.05"]
[Round "6"]
[White "FabianoCaruana"]
[Black "Rud_Makarian"]
[Result "1-0"]
[WhiteElo "3073"]
[BlackElo "2946"]
[TimeControl "180+1"]
[EndTime "15:07:10 PDT"]
[Termination "FabianoCaruana won by resignation"]

1. d4 d5 2. c4 e6 3. Nc3 Nf6 4. cxd5 exd5 5. Bg5 c6 6. Qc2 h6 7. Bh4 Be7 8. e3 O-O 9. Bd3 Re8 10. Nge2 a5 11. O-O Nbd7 12. Rae1 Nf8 13. a4 Nh5 14. Bxe7 Qxe7 15. Nc1 Qd6 16. f3 Nf6 17. Nb3 Ne6 18.
Qf2 Qb4 19. Bc2 c5 20. dxc5 Nxc5 21. Nxc5 Qxc5 22. Nb5 Bd7 23. Nd4 Rac8 24. b3 Qb4 25.
Bd3 Rc3 26. Qd2 Rec8 27. Rb1 h5 28. Rfd1 Qd6 29. Bb5 Qe5 30. Bxd7 Nxd7 31. Re1 h4 32. h3 Nf6 33. Qf2 Qg5 34. Rb2 Rd3 35. Rd2 Rdc3 36. Rdd1 g6 37. Qd2 Qe5 38. Rc1 Rxc1 39. Rxc1 Rxc1+ 40.
Qxc1 Nh5 41. Qc8+ Kg7 42. Qc3 Kh7 43. Ne2 Qe7 44. Qd4 Ng7 45. Kf2 Nf5 46. Qd3 Qe5 47. Qd2 b6 48. Qc3 Qh2 49. Qf6 Kg8 50. Qxb6 Ng3 51.
Qb8+ Kg7 52. Nxg3 hxg3+ 53. Qxg3 Qh1 54. Qe5+ Kg8 55. Qxd5 Qb1 56. e4 Qb2+ 57. Kg3 Kh7 58. Qxf7+ 1-0

[Event "Late-Titled-Tuesday-Blitz-September-05-2023"]
[Site "Chess.com"]
[Date "2023.09.05"]
[Round "6"]
[White "Rutricks"]
[Black "Matibar"]
[Result "1-0"]
[WhiteElo "2683"]
[BlackElo "2876"]
[TimeControl "180+1"]
[EndTime "15:07:10 PDT"]
[Termination "Rutricks won by resignation"]

1. Nf3 Nf6 2. b3 g6 3. Bb2 Bg7 4. g3 O-O 5. Bg2 d6 6. d4 a5 7.
a4 Nc6 8. O-O Bf5 9. Re1 Qc8 10.
Nc3 Bh3 11. Bh1 e5 12. dxe5 dxe5 13. e4 Rd8 14. Qc1 h6 15. Nd5 Nxd5 16. exd5 Rxd5 17. Ng5 Rd6 18. Nxh3 Qxh3 19. Bxc6 Rxc6 20. Bxe5 Bxe5 21. Rxe5 Rd8 22. Qb2 Rcd6 23. Rae1 Rd1 24. Qc3 Rxe1+ 25. Rxe1 Qf5 26. Qxc7 Rc8 27. Qe5 Qxc2 28. Qb5 Qc7 29. Re4 b6 30. Rc4 Qd8 31. Rxc8 Qxc8 32. Qxb6 Qc3 33. Kg2 h5 34. Qb5 Kg7 35. h4 Qd2 36.
Kf3 Qc3+ 37. Ke2 Qc2+ 38. Ke3 Qc3+ 39. Qd3 Qe1+ 40. Kf3 Kf8 41. Qd8+ Kg7 42. Qd4+ Kg8 43. Qe3 Qb4 44. Ke2 Kg7 45. Kd1 Kg8 46. Kc2 Qa3 47. Qe5 Qa2+ 48. Qb2 1-0

[Event "Late-Titled-Tuesday-Blitz-September-05-2023"]
[Site "Chess.com"]
[Date "2023.09.05"]
[Round "6"]
[White "HansOnTwitch"]
[Black "baag"]
[Result "1/2-1/2"]
[WhiteElo "3004"]
[BlackElo "2801"]
[TimeControl "180+1"]
[EndTime "15:07:11 PDT"]
[Termination "Game drawn by repetition"]

1. e4 c6 2. d4 d5 3. e5 Bf5 4. Nd2 e6 5. Nb3 Ne7 6. Nf3 Ng6 7. Be2 Nd7 8. a4 f6 9. exf6 Qxf6 10. Bd3 Bd6 11.
Bxf5 Qxf5 12. Qd3 O-O 13. Qxf5 Rxf5 14. O-O e5 15. dxe5 Ngxe5 16. Nxe5 Nxe5 17. Nd4 Rf7 18. b3 Re8 19. h3 c5 20. Nb5 Bb8 21. Bd2 a6 22. Nc3 d4 23. Ne4 c4 24. Rae1 Rc8 25.
f4 Ng6 26. Ng5 Re7 27. bxc4 h6 28. f5 Rxe1 29. Rxe1 Nh4 30. Ne6 Rxc4 31. Rb1 Nxf5 32. Rxb7 Bg3 33. Bf4 Bxf4 34. Nxf4 Rxc2 35. Rd7 Ra2 36.
Ne6 g5 37. g4 Ne3 38. Rxd4 Rg2+ 39. Kh1 Rg3 40. Kh2 Nf1+ 41. Kh1 Ne3 42. Kh2 Rg2+ 43. Kh1 Rg3 1/2-1/2

[Event "Late-Titled-Tuesday-Blitz-September-05-2023"]
[Site "Chess.com"]
[Date "2023.09.05"]
[Round "6"]
[White "venturov"]
[Black "GianmarcoVaR"]
[Result "1-0"]
[WhiteElo "2464"]
[BlackElo "2608"]
[TimeControl "180+1"]
[EndTime "15:07:11 PDT"]
[Termination "venturov won on time"]

1. Nf3 Nf6 2. b3 d5 3. Bb2 c6 4. d3 Bf5 5. Nbd2 h6 6. g3 Nbd7 7. Bg2 e6 8. O-O Bd6 9. Re1 Bh7 10. e4 dxe4 11. dxe4 Bc5 12. e5 Nd5 13. a3 a5 14.
c4 N5b6 15. Ne4 O-O 16. Nd6 Qc7 17. Qd2 Rad8 18. b4 axb4 19. axb4 Bxd6 20. exd6 Qb8 21.
Qd4 Nf6 22. c5 Nbd5 23. Ne5 Kh8 24. Ng4 b6 25. Bxd5 bxc5 26. bxc5 e5 27. Nxe5 cxd5 28. Ng4 Nh5 29. Nxh6 Qc8 30. Ra7 Bg6 31. Ree7 Qh3 32. Nxf7+ Rxf7 33. Rxf7 Be4 34. f3 Rg8 35. fxe4 Nxg3 36. hxg3 Qxg3+ 37. Kf1 Qh3+ 38. Ke2 Qg4+ 39.
Kd2 Qg5+ 40. Qe3 Qg2+ 41. Qe2 Qg5+ 42. Kc2 1-0

[Event "Late-Titled-Tuesday-Blitz-September-05-2023"]
[Site "Chess.com"]
[Date "2023.09.05"]
[Round "6"]
[White "Leo_C"]
[Black "dretch"]
[Result "1-0"]
[WhiteElo "2644"]
[BlackElo "2854"]
[TimeControl "180+1"]
[EndTime "15:07:13 PDT"]
[Termination "Leo_C won by resignation"]

1. d4 d5 2. c4 c6 3. Nf3 Nf6 4.
Nc3 dxc4 5. e4 b5 6. Be2 e6 7. O-O Be7 8. e5 Nd5 9. Ne4 O-O 10. h4 Nd7 11. Bg5 f6 12. exf6 gxf6 13. Bh6 Rf7 14. Qc2 Bf8 15. Bxf8 Qxf8 16. b3 cxb3 17. axb3 Nf4 18.
Rfe1 Bb7 19. Bf1 e5 20. dxe5 fxe5 21. Nfg5 Re7 22. g3 Ne6 23. Nxe6 Rxe6 24. Bh3 Qe7 25.
Bxe6+ Qxe6 26. Nc5 Nxc5 27. Qxc5 e4 28. Rxa7 Rxa7 29.
Qxa7 Qe7 30. b4 Kf7 31. Qd4 c5 32. bxc5 Bc6 33. Qh8 Ke6 34. Rd1 Qxc5 35. Qxh7 b4 36. Qh6+ Ke7 37. Qg7+ Ke6 38. Rd8 b3 39. Qg8+ Kf6 40.
Rf8+ Ke5 41. Qg7+ Kd5 42. Rf5+ Kc4 43. Rxc5+ Kxc5 44. Qc3+ 1-0

[Event "Late-Titled-Tuesday-Blitz-September-05-2023"]
[Site "Chess.com"]
[Date "2023.09.05"]
[Round "6"]
[White "Bigfish1995"]
[Black "pouya21"]
[Result "1-0"]
[WhiteElo "3074"]
[BlackElo "2803"]
[TimeControl "180+1"]
[EndTime "15:07:17 PDT"]
[Termination "Bigfish1995 won by resignation"]

1. a3 a6 2. g3 g6 3. Bg2 Bg7 4. c4 Nf6 5. Nc3 O-O 6. b4 e5 7.
Bb2 Re8 8. d3 c6 9. c5 d5 10.
cxd6 Qxd6 11. Nf3 Bf5 12. Nd2 Nbd7 13. O-O Rad8 14. Rc1 Nb6 15. Na4 Nxa4 16. Qxa4 Bg4 17. Rfe1 Nd5 18. b5 Bd7 19. bxa6 Ra8 20. Ne4 Qe7 21.
Nc5 Nc7 22. Nxb7 Rxa6 23. Qc2 Ne6 24. Nc5 Nxc5 25. Qxc5 Qxc5 26. Rxc5 f6 27. Ra1 Rb8 28. Rc2 Bf8 29. a4 Rba8 30. Rc4 Bd6 31. Bc3 Bc7 32. f4 Kf7 33. fxe5 Bxe5 34. Bxe5 fxe5 35. Kf2 Ke6 36. Bh3+ Kd6 37. Bxd7 Kxd7 38. Ke3 Ra5 39. g4 Rf8 40. g5 Rf5 41. h4 h6 42. gxh6 Rh5 43. Rg1 Rxh6 44.
Rg5 Kd6 45. Rcg4 Kd7 46. Kd2 Rd5 47. Kc3 Rd4 48. e3 Rxg4 49. Rxg4 Kc7 50. a5 Kb7 51. Kb4 Rh5 52. e4 Rh8 53. Kc5 Ka6 54. Rxg6 Rxh4 55. Rxc6+ Kxa5 56. Re6 Rh3 57. Rxe5 1-0

[Event "Late-Titled-Tuesday-Blitz-September-05-2023"]
[Site "Chess.com"]
[Date "2023.09.05"]
[Round "6"]
[White "Francisco_Ferrari"]
[Black "koncheto"]
[Result "1-0"]
[WhiteElo "2174"]
[BlackElo "2557"]
[TimeControl "180+1"]
[EndTime "15:07:17 PDT"]
[Termination "Francisco_Ferrari won on time"]

1. e4 d5 2. exd5 Qxd5 3. Nc3 Qa5 4. Nf3 c6 5. d4 Nf6 6. Bc4 Bf5 7. O-O e6 8. Re1 Bd6 9. Be3 O-O 10. h3 Nbd7 11.
Nh4 Bg6 12. Nxg6 hxg6 13. Bd3 Rad8 14. Ne4 Nxe4 15. Bxe4 Nf6 16. Bd3 c5 17. dxc5 Bxc5 18. Bf4 Qb6 19. Qf3 Qxb2 20. Be5 Bd4 21. Bxd4 Rxd4 22.
Reb1 Qa3 23. Rxb7 Nd5 24. Rab1 Qxa2 25. R1b2 Qa1+ 26. Kh2 Rf4 27. Qe2 Rf6 28. Be4 Nc3 29. Qd3 Nxe4 30. Qxe4 Rxf2 31. Rb8 Qa3 32. Rxf8+ Qxf8 33.
Qe5 Rd2 34. Rb8 Rd8 35. Rb7 Rc8 36. Qe4 Qd6+ 37. Kh1 a5 38. c4 a4 39. Ra7 a3 40.
Qb7 1-0

[Event "Late-Titled-Tuesday-Blitz-September-05-2023"]
[Site "Chess.com"]
[Date "2023.09.05"]
[Round "6"]
[White "Semetey"]
[Black "CFalcons8"]
[Result "0-1"]
[WhiteElo "2538"]
[BlackElo "2325"]
[TimeControl "180+1"]
[EndTime "15:07:17 PDT"]
[Termination "CFalcons8 won on time"]

1. d4 Nf6 2. Bf4 d5 3. e3 e6 4.
Nd2 c5 5. c3 Nc6 6. Ngf3 cxd4 7. exd4 Nh5 8. Be3 Bd6 9. Bd3 O-O 10. Ne5 g6 11. Ng4 f5 12. Nh6+ Kg7 13. Nf3 f4 14. Bd2 Nf6 15. g4 Ne4 16. g5 Nxg5 17. Ng4 Nxf3+ 18. Qxf3 h5 19. Rg1 hxg4 20. Qxg4 Rf6 21. Bxg6 Qh8 22. Bh7+ Kf7 23. Qh5+ Ke7 24. Rg8 Bd7 25.
Rxh8 Rxh8 26. O-O-O Be8 27. Qh4 Bg6 28. Rg1 Rxh7 29.
Qg5 Rh5 30. Qg4 Rxh2 31. Qf3 Kf7 32. b3 Bh5 33. Qd3 Bg6 34. Qb5 Nd8 35. Qd7+ Be7 36. Be1 Rh8 0-1

[Event "Late-Titled-Tuesday-Blitz-September-05-2023"]
[Site "Chess.com"]
[Date "2023.09.05"]
[Round "6"]
[White "vanyakuba"]
[Black "Machteld145"]
[Result "1-0"]
[WhiteElo "2411"]
[BlackElo "2496"]
[TimeControl "180+1"]
[EndTime "15:07:18 PDT"]
[Termination "vanyakuba won by checkmate"]

1. e4 c5 2. c3 e6 3. d4 cxd4 4.
cxd4 d5 5. e5 Nc6 6. Nc3 f6 7.
f4 Nh6 8. Nf3 Be7 9. a3 O-O 10.
Bd3 fxe5 11. Nxe5 Nxe5 12. dxe5 Bc5 13. Qh5 Qb6 14. b4 Be3 15. Ke2 Bxc1 16. Raxc1 Qd4 17. Nb5 Qb6 18. g3 Bd7 19. Nd6 a5 20. b5 Qd4 21.
Rc2 Nf5 22. Nxf5 exf5 23. Rhc1 Qb6 24. a4 d4 25. Rc7 Qe6 26. Qf3 Rac8 27. Qxb7 Rxc7 28.
Rxc7 Rd8 29. Bc4 d3+ 30. Kd2 Qxc4 31. Rxc4 Be6 32. Rc7 Kh8 33. Rxg7 Bg8 34. Rxg8+ Rxg8 35. Qf7 Rc8 36. Qf6+ Kg8 37. Qe6+ Kg7 38. Qxc8 Kh6 39. Kxd3 Kh5 40. Qxf5+ Kh6 41. Qg5# 1-0